 Dungeon Crawl Stone Soup version 0.32-a0-975-g85d4e5bfdb (webtiles) character file.

Game seed: 15929521426873891669

2 GeoRichter the Apothecary (level 1, -5/15 HPs)
             Began as a Naga Alchemist on Apr 19, 2024.
             Slain by a gnoll
             ... wielding a +0 whip
              (10 damage)
             ... on level 1 of the Dungeon.
             The game lasted 00:00:21 (119 turns).

GeoRichter the Apothecary (Naga Alchemist)           Turns: 119, Time: 00:00:21

Health: -5/15      AC:  1    Str: 10    XL:     1   Next: 40%
Magic:  0/3        EV:  8    Int: 15    God:
Gold:   0          SH:  5    Dex: 11    Spells: 3/4 levels left

rFire   . . .        (no weapon)
rCold   . . .        (no shield)
rNeg    . . .        a - +0 robe
rPois   +            (no helmet)
rElec   .            (no cloak)
rCorr   .            (no gloves)
SInv    +            (no barding)
Will    .....        e - amulet of reflection
Stlth   ++           (no ring)
HPRegen 0.22/turn    (no ring)
MPRegen 0.08/turn

%: reflection
@: very slightly contaminated, very slow
A: AC +0, large, see invisible, deformed body, poison resistance, slowness 2,
spit poison 1, naga tail 1
a: Spit Poison


You were on level 1 of the Dungeon.
You visited 1 branch of the dungeon, and saw 1 of its levels.

Inventory:

Armour
 a - a +0 robe (worn)
Jewellery
 e - an amulet of reflection (around neck)
   (You found it on level 1 of the Dungeon)
Scrolls
 c - a scroll of identify {unknown}
 d - a scroll of poison {unknown}


   Skills:
 - Level 1.5 Dodging
 * Level 3.4 Stealth
 - Level 2.0 Spellcasting
 - Level 1.0 Conjurations
 - Level 3.6 Alchemy


You had 3 spell levels left.
You knew the following spells:

 Your Spells              Type           Power      Damage    Failure   Level
a - Sting                 Conj/Alch      32%        1d5       9%          1

Your spell library contained the following spells:

 Spells                   Type           Power      Damage    Failure   Level
 Mercury Vapours          Alch/Air       12%        N/A       16%         2
 Mephitic Cloud           Conj/Alch/Air  6%         N/A       34%         3
 Olgreb's Toxic Radiance  Alch           12%        N/A       45%         4
 Sticky Flame             Fire/Alch      6%         2d4       71%         4


Dungeon Overview and Level Annotations

Branches:
Dungeon (1/15) Zot: 5856

Altars:


Innate Abilities, Weirdness & Mutations

Your serpentine skin is tough. (AC +0)
You have supernaturally acute eyesight. (SInv)
Armour fits poorly on your strangely shaped body.
Your system is resistant to poisons. (rPois)
You cover ground very slowly.
You can spit poison.
You have a snake-like lower body.


Message History

A quokka is nearby!
A quokka is nearby!
The sting hits the quokka.
The quokka is poisoned.
The quokka is heavily wounded.
The sting hits the quokka.
The quokka looks even sicker.
You kill the quokka!
You see here a quokka corpse.
A gnoll comes into view. It is wielding a +0 whip.
The gnoll shouts!
A hobgoblin comes into view.
The sting hits the gnoll.
The gnoll is poisoned.
The gnoll is lightly wounded.
You miscast Sting.
You are very lightly contaminated with residual magic.
Nothing appears to happen.
A giant cockroach comes into view.
The sting hits the gnoll but does no damage.
The gnoll looks even sicker.
The gnoll is moderately wounded.
You closely miss the gnoll.
The gnoll is moderately wounded.
An endoplasm comes into view.
The gnoll hits you with a +0 whip!
Ouch! That really hurt!
* * * LOW HITPOINT WARNING * * *
Okay, then.
Magic courses through your body. The gnoll closely misses you.
Unknown command.
Aiming: Sting (safe; 9% risk of failure)
Press: ? - help, Q - select action, (/) - cycle Shift-Dir - straight line, f/p - gnoll
Aim: a gnoll, wielding a +0 whip (heavily wounded, very poisoned, 72% to hit)
The sting hits the gnoll.
The gnoll looks even sicker.
The gnoll is heavily wounded.
The endoplasm quivers.
You block the gnoll's attack.
Aiming: Sting (safe; 9% risk of failure)
Press: ? - help, Q - select action, (/) - cycle Shift-Dir - straight line, f/p - gnoll
Aim: a gnoll, wielding a +0 whip (severely wounded, very poisoned, 72% to hit)
The sting hits the gnoll.
The gnoll looks as sick as possible!
The gnoll is severely wounded.
The gnoll closely misses you.
Aiming: Sting (safe; 9% risk of failure)
Press: ? - help, Q - select action, (/) - cycle Shift-Dir - straight line, f/p - gnoll
Aim: a gnoll, wielding a +0 whip (severely wounded, extremely poisoned, 72% to hit)
The sting misses the gnoll.
The sting hits the hobgoblin.
The hobgoblin is poisoned.
The hobgoblin is heavily wounded.
The gnoll hits you with a +0 whip!
Ouch! That really hurt!
You die...

#.## #†# #.#
###.########
#..........#
#.....####.#
#........#.#
#.....##.#.######..
#.....##...@ggBJ..#
#####.####.########
#.. ...# ########


You could see a gnoll (extremely poisoned), an endoplasm, a giant cockroach and
a hobgoblin (poisoned).

Vanquished Creatures
  An endoplasm (D:1)
  A quokka (D:1)
2 creatures vanquished.

Notes
Turn   | Place    | Note
-------+----------+-------------------------------------------
     0 | D:1      | GeoRichter the Naga Alchemist began the quest for the Orb.
     0 | D:1      | Reached XP level 1. HP: 15/15 MP: 3/3
   119 | D:1      | Slain by a gnoll

Illustrated notes

Levels and vault maps discovered:
D:1:      matt_arrival_grand_opening, layout_loops_cross

Action                     || total
---------------------------++-------
  Melee: Unarmed           ||     1
   Cast: Sting             ||     9
    Use: Potion            ||     1
 Armour: Robe              ||     2
  Dodge: Dodged            ||     2
  Block: Other             ||     1

Table legend: (Time is in decaauts)
 A = Elapsed time spent in this place.
 B = Non-inter-level travel time spent in this place.
 C = Inter-level travel time spent in this place.
 D = Time resting spent in this place.
 E = Time spent auto-exploring this place.
 F = Levels seen in this place.
 G = Mean time per level.
                   A        B        C        D        E       F      G
               +--------+--------+--------+--------+--------+-----+--------+
         Total |    142 |    142 |      0 |      0 |    111 |   1 |  142.0 |
       Dungeon |    142 |    142 |      0 |      0 |    111 |   1 |  142.0 |
               +--------+--------+--------+--------+--------+-----+--------+

Top non-repeatable levels by time:
     D:1: 142 daAuts
